 Dungeon Crawl Stone Soup version 0.31.0-11-ge490571c62 (webtiles) character file.

Game seed: 1469910021257160820

77 qw the Shooter (level 4, -4/22 HPs)
             Began as a Spriggan Hunter on Feb 4, 2024.
             Slain by an ice beast (12 damage)
             ... on level 2 of the Dungeon.
             The game lasted 00:00:06 (2069 turns).

qw the Shooter (Spriggan Hunter)                    Turns: 2069, Time: 00:00:06

Health: -4/22      AC:  2    Str:  7    XL:     4   Next: 13%
Magic:  5/5        EV: 19    Int: 14    God:
Gold:   146        SH:  0    Dex: 20    Spells: 3/3 levels left

rFire   . . .        a - +1 shortbow
rCold   . . .        (shield currently unavailable)
rNeg    . . .        c - +0 robe
rPois   +            (helmet restricted)
rElec   .            (no cloak)
rCorr   .            (gloves unavailable)
SInv    +            (boots unavailable)
Will    .....        (no amulet)
Stlth   ++           b - ring "Tomokups" {rPois Int+4}
HPRegen 0.23/turn    (no ring)
MPRegen 0.09/turn

%: no passive effects
@: very quick
A: very small, no large weapons, unfitting armour, see invisible, speed 3
a: no special abilities


You were on level 2 of the Dungeon.
You visited 1 branch of the dungeon, and saw 3 of its levels.

You collected 146 gold pieces.


Innate Abilities, Weirdness & Mutations

You are very small and have problems with some larger weapons.
You are too small for most types of armour.
You have supernaturally acute eyesight. (SInv)
You cover ground extremely quickly. (Speed+++)


   Skills:
 - Level 1.5 Fighting
 - Level 5.2 Ranged Weapons
 + Level 4.0 Dodging
 - Level 1.5 Stealth


You had 3 spell levels left.
You didn't know any spells.
Your spell library was empty.

Inventory:

Hand Weapons
 a - a +1 shortbow (weapon)
Armour
 c - a +0 robe (worn)
Jewellery
 b - the ring "Tomokups" (left hand) {rPois Int+4}
   (You acquired it on level 2 of the Dungeon)

   [ring of poison resistance]

   Int+4:     It affects your intelligence (+4).
   rPois:     It protects you from poison
Potions
 e - a potion of curing
 g - a potion of lignification {unknown}

Dungeon Overview and Level Annotations

Branches:
Dungeon (3/15)

Altars:


Message History

HP restored.
Done exploring.
What level of the Dungeon? (default 1, ? - help)
There is a stone staircase leading down here.
You climb downwards.
You hear the sound of rushing water.
There is an entrance to a sewer on this level.
Hurry and find it before the portal rusts away!
There is a stone staircase leading up here.
There are monsters nearby!
Waypoint 2 assigned to D:3.
2060 ||| PLANNING SEWER You shoot an arrow.
The arrow hits the ball python!
You kill the ball python!
You shoot an arrow. The arrow hits the ice beast!
The ice beast is moderately wounded.
You shoot an arrow. The arrow closely misses the ice beast.
You shoot an arrow. The arrow hits the ice beast!
The ice beast is severely wounded.
2064 ||| STAIRDANCE The ice beast completely misses you.
You climb upwards.
There is a stone staircase leading down here.
Enter note:
Enter note:
Enter note: You shoot an arrow.
The arrow hits the ice beast.
The ice beast is severely wounded.
The ice beast hits you. The ice beast freezes you!
Ouch! That really hurt!
You shoot an arrow. The arrow hits the ice beast.
The ice beast is almost dead.
The ice beast closely misses you.
You shoot an arrow. The arrow barely misses the ice beast.
The ice beast completely misses you.
You shoot an arrow.
The arrow hits the ice beast but does no damage.
The ice beast is almost dead.
The ice beast hits you. The ice beast freezes you!
Ouch! That really hurt!
You die...

#..........# #.....# #.#
...........# #.###.# #.#
#..........######.# #.#
#.####### #..............##.#
#.# #........
#...........##.##.# #.#
########. #...........##.##.#
#.# #. #.#######.#.#.....# #.#
#. #.........#.#######
#.##########.
................@#
#.#..........
#)..........####Y#
#.#.######### #.........#.# #.#
#.#.# #.........#.####.####.#.#
#.....#............<....#
#######.#.#.####.##############
.....#....#.# #.##...........#
.....#..###.# #.##.#########.#
.....#......# #.##...# #.#


You could see an ice beast.

Vanquished Creatures
  Terence (D:2)
  2 adders (D:2)
  5 ball pythons
  A bat (D:1)
  3 endoplasms
  A giant cockroach (D:1)
  5 goblins
  5 kobolds
  3 quokkas (D:2)
  2 frilled lizards (D:1)
  2 rats (D:1)
30 creatures vanquished.

Notes
Turn   | Place    | Note
-------+----------+-------------------------------------------
     0 | D:1      | qw the Spriggan Hunter began the quest for the Orb.
     0 | D:1      | Reached XP level 1. HP: 10/10 MP: 2/2
     0 | D:1      | 0 ||| qw: Version: 0.3-a-160-g5e54788
     0 | D:1      | 0 ||| qw: Game counter: 4312
     0 | D:1      | 0 ||| qw: Melee chars always use a shield: true
     0 | D:1      | 0 ||| qw: God list: Okawaru
     0 | D:1      | 0 ||| qw: Allow faded altars: false
     0 | D:1      | 0 ||| qw: Do Orc after clearing Dungeon:15 true
     0 | D:1      | 0 ||| qw: Do second Lair branch before Depths: true
     0 | D:1      | 0 ||| qw: Lair rune preference: random
     0 | D:1      | 0 ||| qw: Goals: Normal
     0 | D:1      | 0 ||| PLANNING D:1-11
    89 | D:1      | Reached skill level 3 in Dodging
   156 | D:1      | Reached XP level 2. HP: 14/14 MP: 3/3
   242 | D:1      | You fall into a shaft and drop 1 floor!
   272 | D:2      | 272 ||| READING scroll labelled EVVOTA LAOWU.
   373 | D:2      | 373 ||| READING scroll labelled HOGGOLELLI.
   373 | D:2      | 373 ||| ENCHANTING +0 shortbow.
   374 | D:2      | 374 ||| READING scroll labelled XAPHEI XOWKEOL.
   374 | D:2      | 374 ||| ENCHANTING +1 shortbow.
   375 | D:2      | 375 ||| READING scroll labelled HOOSEY KESYSA.
   375 | D:2      | 375 ||| IDENTIFYING puce potion
   376 | D:2      | 376 ||| DROPPING scroll of butterflies.
   377 | D:2      | 377 ||| DROPPING potion of ambrosia.
   980 | D:1      | 980 ||| READING scroll of identify.
   980 | D:1      | 980 ||| IDENTIFYING fizzy grey potion
   981 | D:1      | 981 ||| READING scroll labelled RYURAZXELUJI.
   984 | D:1      | 984 ||| DROPPING potion of attraction.
  1068 | D:2      | Reached XP level 3. HP: 18/18 MP: 4/4
  1123 | D:2      | HP: 4/18 [poisoned by an adder]
  1127 | D:2      | HP: 1/18 [poisoned by an adder]
  1425 | D:2      | Noticed Terence
  1434 | D:2      | HP: 1/18 [Terence/+0 mace (5)]
  1435 | D:2      | 1435 ||| READING scroll of teleportation.
  1436 | D:2      | Killed Terence
  1437 | D:2      | Reached skill level 5 in Ranged Weapons
  1437 | D:2      | Reached XP level 4. HP: 2/22 MP: 5/5
  1898 | D:2      | 1898 ||| READING scroll of identify.
  1898 | D:2      | 1898 ||| IDENTIFYING blue potion
  1899 | D:2      | 1899 ||| READING scroll labelled AROCWOS UHEUN.
  2000 | D:2      | 2000 ||| READING scroll labelled AFONA LEAXO.
  2000 | D:2      | Identified a scroll of acquirement
  2000 | D:2      | 2000 ||| ACQUIRING ring "Tomokups" {rPois Int+4}
  2000 | D:2      | Acquired the ring "Tomokups" {rPois Int+4}
  2002 | D:2      | 2002 ||| UPGRADING to ring "Tomokups" {rPois Int+4}.
  2003 | D:2      | 2003 ||| READING scroll labelled UMESOENOQU.
  2059 | D:3      | Noticed an ice beast
  2060 | D:3      | 2060 ||| PLANNING SEWER
  2064 | D:3      | 2064 ||| STAIRDANCE
  2069 | D:2      | Slain by an ice beast

Levels and vault maps discovered:
D:1:      lightli_arrival_lavapool, layout_basic,
          hangedman_decor_clover_reticule
D:2:      layout_basic, moated_statue, uniq_terence
D:3:      layout_rooms, serial_shops, shop, shop, shop,
          nicolae_shop_window_shopping, nicolae_shop_mannequins,
          lightli_sewer_entry_pipes

Skill      XL: |  1  2  3 |
---------------+----------+-----
Dodging        | 3 4 |  4.0
Ranged Weapons | 5 |  5.2
Fighting       | |  1.5
Stealth        | |  1.5

Action                     |  1- 3 |  4- 6 || total
---------------------------+-------+-------++-------
   Fire: Shortbow          |    72 |     9 ||    81
    Use: Scroll            |     7 |     4 ||    11
 Armour: Robe              |     7 |     2 ||     9
  Dodge: Dodged            |    19 |     3 ||    22

Table legend:
 A = Non-vault XP
 B = Vault XP
 C = Vault XP percentage of total XP
 D = Non-vault monster count
 E = Vault monster count
 F = Vault count percentage of total count
                 A         B        C        D         E       F
            +---------+---------+-------+---------+---------+-------
      Total |      74 |      36 |  32.7 |      29 |       1 |   3.3
            +---------+---------+-------+---------+---------+-------
        D:1 |      31 |       0 |   0.0 |      19 |       0 |   0.0
        D:2 |      41 |      36 |  46.8 |       9 |       1 |  10.0
        D:3 |       2 |       0 |   0.0 |       1 |       0 |   0.0
            +---------+---------+-------+---------+---------+-------
